 Dungeon Crawl Stone Soup version 0.30.0-10-gfe55d96785 (webtiles) character file.

Game seed: 4844368703770642440

763 qeuew the Sneak (level 7, -1/32 HPs)
             Began as a Spriggan Earth Elementalist on May 15, 2023.
             Was a Priest of Nemelex Xobeh.
             Slain by a gnoll bouda
             ... wielding a +0 club
              (11 damage)
             ... on level 6 of the Dungeon.
             The game lasted 00:06:43 (4933 turns).

qeuew the Sneak (Spriggan Earth Elementalist)       Turns: 4933, Time: 00:06:43

Health: -1/32      AC:  2    Str:  4    XL:     7   Next: 51%
Magic:  8/16       EV: 19    Int: 18    God:    Nemelex Xobeh [***...]
Gold:   2253       SH:  0    Dex: 16    Spells: 7/16 levels left

rFire   . . .        h - +0 short sword (elec)
rCold   . . .        (no shield)
rNeg    . . .        a - +0 robe
rPois   .            (helmet restricted)
rElec   .            (no cloak)
rCorr   .            (gloves unavailable)
SInv    +            (boots unavailable)
Will    +....        (no amulet)
Stlth   ++++         (no ring)
HPRegen 0.25/turn    (no ring)
MPRegen 0.15/turn

%: no passive effects
@: very quick
A: very small, no large weapons, unfitting armour, see invisible, speed 3
a: Renounce Religion, Draw Escape, Draw Destruction, Draw Summoning, Triple Draw


You were on level 6 of the Dungeon.
You worshipped Nemelex Xobeh.
Nemelex Xobeh was most pleased with you.
You visited 1 branch of the dungeon, and saw 6 of its levels.

You collected 2253 gold pieces.

Inventory:

Hand Weapons
 h - a +0 short sword of electrocution (weapon)
Missiles
 m - a throwing net
Armour
 a - a +0 robe (worn)
Jewellery
 f - a +6 ring of strength
 n - an amulet of magic regeneration
Scrolls
 e - 3 scrolls of teleportation
 k - a scroll of enchant weapon
Potions
 b - a potion of magic
 c - a potion of heal wounds
 d - a potion of curing
 g - 2 potions of brilliance
 j - a potion of mutation
 l - 2 potions of might


   Skills:
 + Level 2.4 Short Blades
 + Level 4.6 Dodging
 * Level 7.0 Stealth
 * Level 5.4 Spellcasting
 + Level 0.0 Hexes
 + Level 3.8 Transmutations
 + Level 3.6 Earth Magic
 + Level 2.2 Invocations


You had 7 spell levels left.
You knew the following spells:

 Your Spells              Type           Power      Damage    Failure   Level
a - Sandblast             Erth           36%        2d10      2%          1
b - Stone Arrow           Conj/Erth      22%        3d8       19%         3
c - Summon Mana Viper     Hex/Summ       4%         N/A       98%         5

Your spell library contained the following spells:

 Spells                   Type           Power      Damage    Failure   Level
 Passwall                 Tmut/Erth      15%        N/A       4%          2
 Necrotise                Necr           16%        1d4       13%         1
 Petrify                  Tmut/Erth      18%        N/A       26%         4
 Inner Flame              Hex/Fire       4%         N/A       36%         3
 Vampiric Draining        Necr           4%         2d6       36%         3
 Summon Ice Beast         Ice/Summ       4%         N/A       77%         4
 Yara's Violent Unravell  Hex/Tmut       5%         3d4       85%         5
 Agony                    Necr           4%         N/A       98%         5
 Enfeeble                 Hex            2%         N/A       100%        7
 Malign Gateway           Summ/Tloc      2%         N/A       100%        7
 Monstrous Menagerie      Summ           2%         N/A       100%        7
 Summon Horrible Things   Summ           2%         N/A       100%        8


Dungeon Overview and Level Annotations

Branches:
Dungeon (6/15)
 Temple: D:4-7

Altars:
Nemelex Xobeh
Wu Jian
Xom
Yredelemnul
The Shining One

Annotations:
D:5 2 runed translucent doors


Innate Abilities, Weirdness & Mutations

You are very small and have problems with some larger weapons.
You are too small for most types of armour.
You have supernaturally acute eyesight. (SInv)
You cover ground extremely quickly. (Speed+++)


Message History

You can't see any susceptible monsters within range! (Use Z to cast anyway.)
You can't see any susceptible monsters within range! (Use Z to cast anyway.)
A gnoll comes into view. It is wielding a +0 club.
The blast of sand hits the gnoll bouda but does no damage.
A gnoll comes into view. It is wielding a +0 flail.
The blast of sand hits the gnoll bouda.
The gnoll bouda is lightly wounded.
The gnoll bouda barks out a call to the hunt!
The gnolls pick up the pace!
Things that are here:
a +0 whip; a scarf of invisibility The blast of sand hits the gnoll bouda but does no damage.
The gnoll bouda is lightly wounded.
The gnoll bouda barely misses you. The gnoll closely misses you.
The gnoll bouda barely misses you.
The blast of sand hits the gnoll bouda.
The gnoll bouda is moderately wounded.
The gnoll completely misses you. The gnoll bouda completely misses you.
The gnoll barely misses you. The gnoll hits you but does no damage.
The blast of sand hits the gnoll bouda but does no damage.
The gnoll bouda is moderately wounded.
The gnoll bouda closely misses you. The gnoll completely misses you.
The gnoll misses you.
The gnoll bouda hits you with a +0 club!
The blast of sand hits the gnoll bouda but does no damage.
The gnoll bouda is moderately wounded.
The gnoll closely misses you. The gnoll completely misses you.
The gnoll bouda completely misses you. The gnoll barely misses you.
The gnoll completely misses you.
The blast of sand hits the gnoll bouda!
The gnoll bouda is severely wounded.
The gnoll bouda completely misses you. The gnoll hits you with a +0 flail.
The gnoll completely misses you.
The gnoll bouda hits you with a +0 club.
The blast of sand hits the gnoll bouda but does no damage.
The gnoll bouda is severely wounded.
The gnoll hits you with a +0 flail! The gnoll misses you.
The gnoll bouda hits you with a +0 club!
You die...
Your body glows with a rainbow of weird colours and disappears.

...............##
................
#.####.##..##.##
#######.####.##..##.##
..................)... #
###.##.####.##..##.##
...###........)....##.##
#.....#.##.#.##.......
#...g@#.##...##.###.##
#...gg#......##.......
#.....######.####.#.##
#.....# #.# #.#.##
#.#..'## #.# #.#.##
#...#.# #.####.#.##
.#.#.# #<...... .#..
###.#.## .......


You could see a gnoll bouda and 2 gnolls.

Vanquished Creatures
  A black bear (D:6)
  An ice beast (D:6)
  A sky beast (D:6)
  A scorpion (D:4)
  2 hounds
  An orc priest (D:3)
  Jessica (D:3)
  An iguana (D:5)
  2 orc wizards
  An adder (D:5)
  2 gnolls
  A worm (D:2)
  4 dart slugs
  13 orcs
  4 ball pythons
  6 bats
  6 endoplasms
  4 giant cockroaches
  13 hobgoblins
  3 jackals (D:2)
  7 kobolds
  4 quokkas
  3 frilled lizards
  5 goblins
  4 rats
  A spectral orc (D:3)
92 creatures vanquished.

Vanquished Creatures (collateral kills)
  A scorpion (D:4)
  An iguana (D:5)
  2 gnolls (D:5)
4 creatures vanquished.

Grand Total: 96 creatures vanquished

Notes
Turn   | Place    | Note
-------+----------+-------------------------------------------
     0 | D:1      | qeuew the Spriggan Earth Elementalist began the quest for
                  | the Orb.
     0 | D:1      | Reached XP level 1. HP: 9/9 MP: 5/5
   175 | D:1      | Reached XP level 2. HP: 13/13 MP: 0/7
   487 | D:1      | You fall into a shaft and drop 1 floor!
   565 | D:2      | Found a sparkling altar of Nemelex Xobeh.
   665 | D:2      | Became a worshipper of Nemelex Xobeh the Trickster
   692 | D:2      | Reached XP level 3. HP: 16/16 MP: 4/8
   695 | D:2      | Reached skill level 4 in Stealth
  1813 | D:3      | Reached * piety under Nemelex Xobeh
  1828 | D:3      | Found a glowing golden altar of the Shining One.
  1897 | D:3      | Received a gift from Nemelex Xobeh
  1911 | D:3      | Found a basalt altar of Yredelemnul.
  1993 | D:3      | Found a shimmering altar of Xom.
  2007 | D:3      | Reached XP level 4. HP: 21/21 MP: 7/10
  2136 | D:3      | Found a sparkling altar of Nemelex Xobeh.
  2209 | D:3      | Noticed Jessica
  2211 | D:3      | Killed Jessica
  2281 | D:3      | Reached skill level 5 in Stealth
  2281 | D:3      | Reached skill level 1 in Invocations
  2281 | D:3      | Reached XP level 5. HP: 13/24 MP: 9/12
  2718 | D:3      | Learned a level 3 spell: Stone Arrow
  2724 | D:3      | Learned a level 5 spell: Summon Mana Viper
  2727 | D:3      | Identified 2 scrolls of acquirement
  2727 | D:3      | Acquired 803 gold pieces
  2729 | D:3      | Acquired 1150 gold pieces
  2864 | D:4      | Reached skill level 1 in Short Blades
  3137 | D:4      | Reached ** piety under Nemelex Xobeh
  3212 | D:4      | Reached XP level 6. HP: 9/28 MP: 5/13
  3536 | D:4      | Received a gift from Nemelex Xobeh
  3666 | D:5      | Entered Level 5 of the Dungeon
  3684 | D:5      | Reached skill level 6 in Stealth
  3795 | D:5      | Found an ornate altar of the Wu Jian Council.
  3966 | D:5      | Received a gift from Nemelex Xobeh
  4389 | D:5      | Found a runed translucent door.
  4393 | D:5      | Found a runed translucent door.
  4645 | D:6      | Reached *** piety under Nemelex Xobeh
  4684 | D:6      | Noticed an ice beast
  4705 | D:6      | Killed an ice beast
  4706 | D:6      | Reached skill level 5 in Spellcasting
  4706 | D:6      | Reached XP level 7. HP: 7/32 MP: 13/15
  4836 | D:6      | Reached skill level 7 in Stealth
  4933 | D:6      | Slain by a gnoll bouda

Illustrated notes

Levels and vault maps discovered:
D:1:      dpeg_arrival_radiant, layout_rooms
D:2:      layout_loops_ring, basic_altar, st_stairs_7
D:3:      layout_basic, tso_oasis_becter, nemelex_spade_bored_becter,
          yredelemnul_forgotten_temple_becter, xom_teletrap_fun, uniq_jessica
D:4:      layout_basic, hangedman_decor_peaks_small
D:5:      lemuel_insect_pit, layout_loops_corners, nicolae_wu_jian_wuxing_cycle,
          minivault_11
D:6:      layout_basic, zin_academy, temple_hall_moat, kennysheep_crisscross

Skill      XL: |  1  2  3  4  5  6  7 |
---------------+----------------------+-----
Spellcasting   | 3 4 5 |  5.4
Dodging        | 3 4 |  4.6
Stealth        | 4 5 6 7 |  7.0
Transmutations | 2 3 |  3.8
Earth Magic    | 3 |  3.6
Invocations    | 1 2 |  2.2
Short Blades   | 1 2 |  2.4

Action                     |  1- 3 |  4- 6 |  7- 9 || total
---------------------------+-------+-------+-------++-------
  Melee: Unarmed           |     4 |       |       ||     4
         Short sword       |    20 |    32 |     4 ||    56
         Punch             |     1 |       |       ||     1
   Cast: Sandblast         |    77 |    66 |    12 ||   155
         Stone Arrow       |       |       |     2 ||     2
 Invoke: Draw Destruction  |       |     2 |       ||     2
         Draw Summoning    |       |     2 |       ||     2
    Use: Scroll            |     3 |    10 |       ||    13
         Potion            |     2 |     2 |       ||     4
   Stab: Sleeping          |       |     1 |       ||     1
 Armour: Robe              |     8 |     8 |     2 ||    18
  Dodge: Dodged            |    52 |    76 |    22 ||   150
